 Dungeon Crawl Stone Soup version 0.31.0-9-g3a7656b989 (webtiles) character file.

Game seed: 12215228543502064912

68 Gottschkopf the Trooper (level 4, -2/41 HPs)
             Began as a Minotaur Fighter on Jan 28, 2024.
             Was a Follower of the Shining One.
             Frozen to death by an endoplasm (4 damage)
             ... on level 2 of the Dungeon.
             The game lasted 00:03:16 (1021 turns).

Gottschkopf the Trooper (Minotaur Fighter)          Turns: 1021, Time: 00:03:17

Health: -2/41      AC:  7    Str: 23    XL:     4   Next: 1%
Magic:  3/3        EV:  9    Int:  5    God:    the Shining One [*.....]
Gold:   64         SH:  4    Dex:  9    Spells: 3/3 levels left

rFire   . . .        a - +0 long sword
rCold   . . .        c - +0 buckler
rNeg    . . .        b - +0 scale mail
rPois   .            (helmet restricted)
rElec   .            (no cloak)
rCorr   .            (no gloves)
SInv    .            (no boots)
Will    .....        (no amulet) Stlth
                     (no ring)
HPRegen 0.26/turn    (no ring)
MPRegen 0.08/turn

%: no passive effects
@: glowing
A: horns 2, retaliatory headbutt
a: Renounce Religion, Divine Shield


You were on level 2 of the Dungeon.
You worshipped the Shining One.
The Shining One was aware of your devotion.
You visited 1 branch of the dungeon, and saw 2 of its levels.

You collected 64 gold pieces.

Inventory:

Hand Weapons
 a - a +0 long sword (weapon)
Armour
 b - a +0 scale mail (worn)
 c - a +0 buckler (worn)
Jewellery
 j - an amulet of the acrobat
 m - an amulet of regeneration
Scrolls
 g - a scroll of fear {unknown}
 h - a scroll of fog {unknown}
 i - a scroll of enchant armour {unknown}
 l - a scroll of enchant weapon {unknown}
Potions
 d - 2 potions of might
 e - 2 potions of curing {unknown}
 f - a potion of lignification {unknown}
 k - a potion of heal wounds {unknown}


   Skills:
 + Level 4.3 Fighting
 + Level 3.3 Long Blades
 + Level 4.2 Armour
 + Level 4.3 Shields


You had 3 spell levels left.
You didn't know any spells.
Your spell library was empty.

Dungeon Overview and Level Annotations

Branches:
Dungeon (2/15)

Altars:
The Shining One


Innate Abilities, Weirdness & Mutations

You have a pair of horns on your head.
You reflexively headbutt those who attack you in melee.


Message History

The kobold barely misses you. You block the endoplasm's attack.
You continue taking off your amulet of the acrobat.
The kobold throws a stone.
The stone hits you but does no damage.
The kobold hits you with a +1 short sword of freezing.
The kobold freezes you. The endoplasm freezes you.
You are frozen.
You continue taking off your amulet of the acrobat.
The kobold hits you with a +1 short sword of freezing.
The kobold freezes you. The endoplasm closely misses you.
You continue taking off your amulet of the acrobat.
The quokka bites you but does no damage.
The kobold closely misses you. The endoplasm hits you.
You finish taking off your amulet of the acrobat.
You hit the kobold. Your headbutt misses the kobold.
The kobold is moderately wounded.
You block the quokka's attack. The kobold closely misses you.
The kobold hits you with a +1 short sword of freezing.
The kobold freezes you. The endoplasm freezes you.
You are frozen.
The quokka barely misses you.
Unknown command.
You slash the kobold!
You kill the kobold!
A rat comes into view.
The kobold hits you with a +0 whip.
* * * LOW HITPOINT WARNING * * *
The quokka closely misses you. The endoplasm freezes you.
You are frozen.
* * * LOW HITPOINT WARNING * * *
You have reached level 4!
You feel stronger.
The rat squeaks loudly.
You hit the endoplasm but do no damage.
The quokka bites you but does no damage.
The kobold hits you with a +0 whip.
* * * LOW HITPOINT WARNING * * *
The endoplasm freezes you.
You are frozen.
You die...

## .. ....####... ..
.###.##.........†) ...r
...#.....#........
..#.###..........###....
...$#..................
#........... ####.... ..
##.......# #....
...#........#####. ......
.....##)@........###....#
.......JrK.......##..#...
......#..>.......##.#....
.................. ....
..[..#####$.##### #......
.....# #.....# #.. ...
... ....###.##.####.# ...
.. #...........#.##...
...######[.#.......####


You could see an endoplasm, a quokka, a kobold and a rat.

Vanquished Creatures
  An adder (D:2)
  A ribbon worm (D:2)
  8 ball pythons
  7 endoplasms (D:1)
  A giant cockroach (D:2)
  6 goblins
  6 hobgoblins
  4 jackals (D:1)
  A kobold (D:2)
  A quokka (D:1)
  6 bats
  2 frilled lizards (D:1)
  2 rats (D:1)
46 creatures vanquished.

Notes
Turn   | Place    | Note
-------+----------+-------------------------------------------
     0 | D:1      | Gottschkopf the Minotaur Fighter began the quest for the
                  | Orb.
     0 | D:1      | Reached XP level 1. HP: 19/19 MP: 0/0
   143 | D:1      | Reached XP level 2. HP: 15/27 MP: 1/1
   295 | D:1      | Found a faded altar of an unknown god.
   332 | D:1      | Prayed at the altar of an unknown god.
   332 | D:1      | Became a worshipper of the Shining One
   332 | D:1      | Reached * piety under the Shining One
   467 | D:1      | Reached XP level 3. HP: 25/33 MP: 2/2
  1021 | D:2      | Reached XP level 4. HP: 4/41 MP: 3/3
  1021 | D:2      | HP: 2/41 [kobold/+0 whip (3)]
  1021 | D:2      | Frozen to death by an endoplasm

Illustrated notes

Levels and vault maps discovered:
D:1:      giann_horns, layout_rooms, shapermc_ecumenical_altar_starsandcircs,
          nicolae_houndstooth_variations
D:2:      layout_rooms, minmay_pentomino_x2

Skill      XL: |  1  2 |
---------------+-------+-----
Shields        | 4 |  4.3
Fighting       | 4 |  4.3
Armour         | 4 |  4.2
Long Blades    | 3 |  3.3

Action                     |  1- 3 |  4- 6 || total
---------------------------+-------+-------++-------
  Melee: Long sword        |    94 |     1 ||    95
         Headbutt          |     5 |       ||     5
 Armour: Scale mail        |    83 |     2 ||    85
  Dodge: Dodged            |    53 |       ||    53
  Block: Buckler           |    27 |       ||    27
